 Dungeon Crawl Stone Soup version 0.28.0-53-g5a82cb258f (webtiles) character file.

Game seed: 83813769882878345

99 mcbry74 the Vexing (level 4, -3/34 HPs)
             Began as a Gnoll Arcane Marksman on June 24, 2022.
             Slain by Jessica
             ... wielding a +0 dagger
              (4 damage)
             ... on level 3 of the Dungeon.
             The game lasted 00:10:29 (3330 turns).

mcbry74 the Vexing (Gnoll Arcane Marksman)          Turns: 3330, Time: 00:10:30

Health: -3/34      AC:  4    Str:  9    XL:     4   Next: 72%
Magic:  8/8        EV: 13    Int: 14    God:
Gold:   57         SH:  0    Dex: 13    Spells: 5/9 levels left

rFire   . . .      SeeInvis .   b - +0 whip
rCold   . . .      Faith    .   (no shield)
rNeg    . . .      Spirit   .   g - +0 leather armour
rPois   .          Reflect  .   p - +0 helmet
rElec   .          Harm     .   (no cloak)
rCorr   .          Rampage  .   (no gloves)
Will    .....                   (no boots)
Stlth   +.........              (no amulet)
HPRegen 0.11/turn               (no ring)
MPRegen 0.11/turn               (no ring)

@: no status effects
A: fangs 1, strong nose, distributed training
a: no special abilities


You were on level 3 of the Dungeon.
You visited 1 branch of the dungeon, and saw 3 of its levels.

You collected 57 gold pieces.

Inventory:

Hand Weapons
 a - a +0 shortbow
 b - a +0 whip (weapon)
 o - a +0 dagger
Missiles
 c - 19 arrows
 i - 3 poisoned darts (quivered)
Armour
 d - a +0 robe
 g - a +0 leather armour (worn)
 p - a +0 helmet (worn)
Scrolls
 f - 3 scrolls of identify {unknown}
 h - a scroll of magic mapping {unknown}
 j - a scroll of vulnerability {unknown}
 m - a scroll of enchant weapon {unknown}
Potions
 e - a potion of berserk rage {unknown}
 k - a potion of degeneration {unknown}
 l - a potion of might {unknown}
 n - a potion of cancellation


   Skills:
 + Level 2.8 Fighting
 + Level 1.2 Short Blades
 + Level 1.2 Long Blades
 + Level 1.2 Axes
 + Level 1.2 Maces & Flails
 + Level 1.2 Polearms
 + Level 1.2 Staves
 + Level 1.2 Slings
 + Level 4.7 Bows
 + Level 1.2 Crossbows
 + Level 1.2 Throwing
 + Level 1.2 Armour
 + Level 4.7 Dodging
 + Level 1.2 Stealth
 + Level 1.2 Shields
 + Level 1.2 Unarmed Combat
 + Level 3.0 Spellcasting
 + Level 1.0 Conjurations
 + Level 5.5 Hexes
 + Level 1.0 Summonings
 + Level 1.0 Necromancy
 + Level 1.0 Translocations
 + Level 1.0 Transmutations
 + Level 1.0 Fire Magic
 + Level 1.0 Ice Magic
 + Level 1.0 Air Magic
 + Level 1.0 Earth Magic
 + Level 1.0 Poison Magic
 + Level 1.3 Invocations
 + Level 1.2 Evocations


You had 5 spell levels left.
You knew the following spells:

 Your Spells              Type           Power      Damage    Failure   Level
a - Slow                  Hex            68%        N/A       3%          1
b - Inner Flame           Hex/Fire       11%        N/A       22%         3

Your spell library contained the following spells:

 Spells                   Type           Power      Damage    Failure   Level
 Portal Projectile        Hex/Tloc       22%        N/A       22%         3
 Cause Fear               Hex            8%         N/A       30%         4
 Chain Lightning          Conj/Air       2%         3d3       100%        9
 Fire Storm               Conj/Fire      2%         8d1       100%        9
 Shatter                  Erth           2%         3d6*      100%        9


Dungeon Overview and Level Annotations

Branches:
Dungeon (3/15)

Altars:
Xom

Annotations:
D:3 Jessica


Innate Abilities, Weirdness & Mutations

You have very sharp teeth.
Your uncanny sense of smell can sniff out nearby items.
Your experience applies equally to all skills.


Message History

It was a potion of cancellation.
You feel magically purged. Jessica hits you but does no damage.
You closely miss Jessica. Jessica hits you with a +0 dagger.
You hit Jessica but do no damage. You bite Jessica.
Jessica is lightly wounded.
Jessica barely misses you.
You hit Jessica but do no damage. Jessica hits you with a +0 dagger.
You closely miss Jessica. Jessica completely misses you.
You hit Jessica but do no damage. Jessica hits you with a +0 dagger.
You closely miss Jessica. Jessica hits you with a +0 dagger.
Jessica casts a spell at you.
You barely resist. You barely miss Jessica.
Jessica gestures wildly while chanting.
Jessica seems to speed up.
You hit Jessica.
Jessica is heavily wounded.
Jessica hits you but does no damage.
You hit Jessica but do no damage. Your bite misses Jessica.
Jessica is heavily wounded.
Jessica hits you with a +0 dagger. Jessica hits you but does no damage.
You barely miss Jessica. You bite Jessica, but do no damage.
Jessica is heavily wounded.
Jessica casts a spell at you. Pain shoots through your body!
You hit Jessica.
Jessica is severely wounded.
Jessica barely misses you. Jessica hits you with a +0 dagger.
* * * LOW HITPOINT WARNING * * *
You closely miss Jessica.
Jessica is severely wounded.
Jessica casts a spell at you. Pain shoots through your body!
* * * LOW HITPOINT WARNING * * *
You closely miss Jessica.
Jessica is severely wounded.
Jessica hits you with a +0 dagger!
* * * LOW HITPOINT WARNING * * *
Jessica hits you with a +0 dagger.
You die...

########### ...
........... #.#
#.......# ####.#.
#.......#
.....#.##.......#
#...............+
#..###......†.##..#
#.##.................
#SK@@##)############.
#.##.........#
∆###..........#
####....#)##.......
#..........#.######
..####.####.# .
#...<#.# ######.# .#


You could see Jessica (fast), a ball python and a kobold.

Vanquished Creatures
  3 adders
  A worm (D:2)
  4 dart slugs
  An orc (D:3)
  6 ball pythons
  9 endoplasms
  A giant cockroach (D:2)
  4 goblins
  3 hobgoblins (D:1)
  3 jackals (D:1)
  6 bats
  9 frilled lizards
  7 kobolds
  6 rats
63 creatures vanquished.

Notes
Turn   | Place    | Note
-------+----------+-------------------------------------------
     0 | D:1      | mcbry74 the Gnoll Arcane Marksman began the quest for the
                  | Orb.
     0 | D:1      | Reached XP level 1. HP: 17/17 MP: 4/4
   384 | D:1      | Reached XP level 2. HP: 23/23 MP: 5/5
   954 | D:1      | Reached XP level 3. HP: 15/28 MP: 7/7
  1756 | D:1      | Reached skill level 1 in Invocations
  1894 | D:2      | Learned a level 3 spell: Inner Flame
  2061 | D:2      | Reached skill level 1 in Short Blades
  2061 | D:2      | Reached skill level 1 in Long Blades
  2061 | D:2      | Reached skill level 1 in Axes
  2061 | D:2      | Reached skill level 1 in Maces & Flails
  2061 | D:2      | Reached skill level 1 in Polearms
  2061 | D:2      | Reached skill level 1 in Staves
  2061 | D:2      | Reached skill level 1 in Slings
  2061 | D:2      | Reached skill level 1 in Crossbows
  2061 | D:2      | Reached skill level 1 in Throwing
  2061 | D:2      | Reached skill level 1 in Armour
  2061 | D:2      | Reached skill level 1 in Stealth
  2061 | D:2      | Reached skill level 1 in Shields
  2061 | D:2      | Reached skill level 1 in Unarmed Combat
  2061 | D:2      | Reached skill level 1 in Evocations
  2120 | D:2      | Reached XP level 4. HP: 34/34 MP: 8/8
  2834 | D:2      | Found a shimmering altar of Xom.
  3135 | D:3      | Reached skill level 1 in Conjurations
  3135 | D:3      | Reached skill level 1 in Summonings
  3135 | D:3      | Reached skill level 1 in Necromancy
  3135 | D:3      | Reached skill level 1 in Translocations
  3135 | D:3      | Reached skill level 1 in Transmutations
  3135 | D:3      | Reached skill level 1 in Fire Magic
  3135 | D:3      | Reached skill level 1 in Ice Magic
  3135 | D:3      | Reached skill level 1 in Air Magic
  3135 | D:3      | Reached skill level 1 in Earth Magic
  3135 | D:3      | Reached skill level 1 in Poison Magic
  3316 | D:3      | Noticed Jessica
  3330 | D:3      | HP: 1/34 [Jessica/+0 dagger (7)]
  3330 | D:3      | Slain by Jessica

Illustrated notes

Levels and vault maps discovered:
D:1:      minmay_arrival_four_loops, layout_loops_ring
D:2:      layout_loops_corners, basic_altar
D:3:      layout_basic, hangedman_decor_opposing, minmay_divided_ellipse,
          uniq_natasha, uniq_jessica

Skill      XL: |  1  2  3  4 |
---------------+-------------+-----
Invocations    | 1 |  1.3
Short Blades   | 1 |  1.2
Long Blades    | 1 |  1.2
Axes           | 1 |  1.2
Maces & Flails | 1 |  1.2
Polearms       | 1 |  1.2
Staves         | 1 |  1.2
Slings         | 1 |  1.2
Crossbows      | 1 |  1.2
Throwing       | 1 |  1.2
Armour         | 1 |  1.2
Stealth        | 1 |  1.2
Shields        | 1 |  1.2
Unarmed Combat | 1 |  1.2
Evocations     | 1 |  1.2
Spellcasting   | 3 |  3.0
Conjurations   | 1 |  1.0
Summonings     | 1 |  1.0
Necromancy     | 1 |  1.0
Translocations | 1 |  1.0
Transmutations | 1 |  1.0
Fire Magic     | 1 |  1.0
Ice Magic      | 1 |  1.0
Air Magic      | 1 |  1.0
Earth Magic    | 1 |  1.0
Poison Magic   | 1 |  1.0
Fighting       | |  2.8
Bows           | |  4.7
Dodging        | |  4.7
Hexes          | |  5.5

Action                   |  1- 3 |  4- 6 || total
-------------------------+-------+-------++-------
Melee: Whip              |   127 |    98 ||   225
       Bite              |    10 |     8 ||    18
       Punch             |     2 |     1 ||     3
 Fire: Shortbow          |    20 |       ||    20
Throw: Dart              |     9 |    17 ||    26
 Cast: Slow              |     1 |       ||     1
  Use: Potion            |       |     1 ||     1
 Stab: Sleeping          |     3 |     3 ||     6
Armor: Leather armour    |    25 |    29 ||    54
       Robe              |     1 |       ||     1
Dodge: Dodged            |    75 |    77 ||   152
